 Dungeon Crawl Stone Soup version 0.31-a0-819-gf6de2f5ab6 (webtiles) character file.

Game seed: 11635126168310660490

19 Kurtz the Chopper (level 2, -3/21 HPs)
             Began as an Octopode Fighter on Sept 23, 2023.
             Slain by a hobgoblin (6 damage)
             ... led by Robin
             ... on level 2 of the Dungeon.
             The game lasted 00:00:34 (737 turns).

Kurtz the Chopper (Octopode Fighter)                 Turns: 737, Time: 00:00:35

Health: -3/21      AC:  1    Str: 15    XL:     2   Next: 75%
Magic:  2/2        EV: 13    Int: 10    God:
Gold:   41         SH:  4    Dex: 11    Spells: 1/1 levels left

rFire   . . .        a - +0 war axe
rCold   . . .        b - +0 buckler
rNeg    . . .        (helmet restricted)
rPois   .            (no amulet)
rElec   .            (no ring)
rCorr   .            (no ring)
SInv    .            (no ring)
Will    .....        (no ring)
Stlth   ++           (no ring)
HPRegen 0.23/turn    (no ring)
MPRegen 0.08/turn    (no ring)
                     (no ring)

%: no passive effects
@: no status effects
A: almost no armour, amphibious, 8 rings, camouflage 1, gelatinous body 1,
(nimble swimmer 1), tentacles
a: no special abilities


You were on level 2 of the Dungeon.
You visited 1 branch of the dungeon, and saw 2 of its levels.

You collected 41 gold pieces.

Inventory:

Hand Weapons
 a - a +0 war axe (weapon)
Missiles
 d - 2 poisoned darts
 g - 5 javelins
Armour
 b - a +0 buckler (worn)
Scrolls
 h - a scroll of blinking {unknown}
 i - 2 scrolls of fog {unknown}
Potions
 c - a potion of might
 e - a potion of resistance {unknown}
 f - a potion of curing {unknown}


   Skills:
 - Level 3.0 Fighting
 * Level 3.2 Axes
 - Level 3.0 Dodging
 - Level 3.0 Shields


You had one spell level left.
You didn't know any spells.
Your spell library contained the following spells:

 Spells                   Type           Power      Damage    Failure   Level
 Slow                     Hex            0%         N/A       45%         1
 Confusing Touch          Hex            0%         N/A       83%         3
 Sigil of Binding         Hex            0%         N/A       83%         3
 Vampiric Draining        Necr           0%         2d6       83%         3


Dungeon Overview and Level Annotations

Branches:
Dungeon (2/15)

Altars:

Annotations:
D:2 Robin


Innate Abilities, Weirdness & Mutations

You cannot wear most types of armour.
You are amphibious.
You can wear up to eight rings at the same time.
Your skin changes colour to match your surroundings (Stealth+).
Your rubbery body absorbs attacks. (AC +1, EV +1)
((You are camouflaged when in or above water. (Stealth+)))
You have tentacles for arms and can constrict up to eight enemies at once.


Message History

A goblin and a hobgoblin come into view.
You hear a shout! x3; The goblin shouts! x2
There are monsters nearby!
A hobgoblin comes into view.
Robin, a hobgoblin and a goblin come into view.
Robin throws the goblin at you!
The hobgoblin shouts!
The goblin shouts! x2
You hit the goblin. Your grab misses the goblin.
The goblin is heavily wounded.
Robin roars a battlecry!
The goblins go into a battle-frenzy!
The goblin hits you but does no damage.
Unknown command.
You hit the goblin.
You kill the goblin!
You block the goblin's attack.
You closely miss the goblin. Your grab misses the goblin.
The goblin hits you with a +0 dagger.
A hobgoblin comes into view.
Unknown command.
The hobgoblin hits you. The hobgoblin hits you.
A hobgoblin comes into view.
The hobgoblin closely misses you. The goblin attacks as it pursues you!
The goblin hits you with a +0 dagger.
The hobgoblin attacks as it pursues you!
The hobgoblin misses you.
Robin says, "My goblins will feast on your bones."
Robin roars a battlecry!
The hobgoblins go into a battle-frenzy!
The goblin attacks as it pursues you! The goblin hits you but does no damage.
The hobgoblin attacks as it pursues you!
The hobgoblin barely misses you. Robin throws the goblin at you!
The goblin hits you with a +0 club!
* * * LOW HITPOINT WARNING * * *
Robin throws the goblin at you!
* * * LOW HITPOINT WARNING * * *
The hobgoblin attacks as it pursues you!
The hobgoblin hits you.
You die...

..# #.....# !g. .(
#.# #.....# #g#..
#.###.....# #g#g#
#..##.....# #.#g#
##..#..#### #...#
##....# #gg##
####..##########.####
+..............g....#
###...#.#######@g##.#
#............g.# #
+.....###.###.##.#
###.#.# #....>##.#
#.#.# #####.##.#
#.#.# #.##.# ....#
#.##.# #.##.. #.##..


You could see Robin, 4 hobgoblins and 4 goblins.

Vanquished Creatures
  A dart slug (D:1)
  2 ball pythons (D:2)
  An endoplasm (D:2)
  3 giant cockroaches (D:1)
  2 goblins
  2 bats (D:1)
  3 kobolds
  A rat (D:2)
15 creatures vanquished.

Notes
Turn   | Place    | Note
-------+----------+-------------------------------------------
     0 | D:1      | Kurtz the Octopode Fighter began the quest for the Orb.
     0 | D:1      | Reached XP level 1. HP: 16/16 MP: 1/1
   284 | D:1      | Reached XP level 2. HP: 20/21 MP: 2/2
   728 | D:2      | Noticed Robin
   737 | D:2      | Slain by a hobgoblin

Illustrated notes

Levels and vault maps discovered:
D:1:      wander_arrival_peaceful_grave, layout_rooms
D:2:      layout_basic, minivault_26, uniq_robin

Skill      XL: |  1  2 |
---------------+-------+-----
Axes           | 3 |  3.2
Fighting       | |  3.0
Dodging        | |  3.0
Shields        | |  3.0

Action                     || total
---------------------------++-------
  Melee: War axe           ||    29
         Constrict         ||     5
         Tentacles         ||     4
   Stab: Sleeping          ||     3
 Armour: Skin              ||    23
  Dodge: Dodged            ||    24
  Block: Buckler           ||     7

Table legend: (Time is in decaauts)
 A = Elapsed time spent in this place.
 B = Non-inter-level travel time spent in this place.
 C = Inter-level travel time spent in this place.
 D = Time resting spent in this place.
 E = Time spent auto-exploring this place.
 F = Levels seen in this place.
 G = Mean time per level.
                   A        B        C        D        E       F      G
               +--------+--------+--------+--------+--------+-----+--------+
         Total |    747 |    688 |     59 |      0 |    553 |   2 |  373.5 |
       Dungeon |    747 |    688 |     59 |      0 |    553 |   2 |  373.5 |
               +--------+--------+--------+--------+--------+-----+--------+

Top non-repeatable levels by time:
     D:1: 573 daAuts
     D:2: 174 daAuts
